Match 41025869
Unlisted

Match 41025869
End
Vickers Machine Gun Team
Construct Section Command Post
Selects Australian Defense Battlegroup
Selects Australian Defense Battlegroup
Dingo Light Scout Car
Infantry Section
Infantry Section
Construct Platoon Command Post
Humber Armored Car
Construct Field Infirmary
CMP 15cwt Truck
6-pounder Anti-tank Gun Team
Unlock Bishop Self-propelled Artillery
Infantry Training
Team Weapon Training
Selects CMP 15cwt Supply Run
Selects Reinforced Resource Caches
Selects Australian Light Infantry Section
Bishop Self-propelled Artillery
Light Vehicle Training
Grenade Package
Bishop Self-propelled Artillery
Selects Archer Tank Destroyer
Archer Tank Destroyer
Construct Company Command Post
Armored Vehicle Training
Infantry Section
Hue
SleepingGiant
YangXYZ
Flamigo
ImNotProPlayerr
frostie
0
0

Comments sign in to comment!

No comments posted yet!